 Dungeon Crawl Stone Soup version 0.30.1-11-g7821555f0a (webtiles) character file.

Game seed: 5228398639194645517

46 Groucho the Digger (level 3, -8/20 HPs)
             Began as a Gargoyle Earth Elementalist on Oct 30, 2023.
             Mangled by a gnoll
             ... wielding a +0 halberd
              (10 damage)
             ... on level 2 of the Dungeon.
             The game lasted 00:04:08 (1573 turns).

Groucho the Digger (Gargoyle Earth Elementalist)    Turns: 1573, Time: 00:04:08

Health: -8/20      AC:  5    Str: 11    XL:     3   Next: 66%
Magic:  3/6        EV: 12    Int: 17    God:
Gold:   56         SH:  0    Dex: 10    Spells: 0/6 levels left

rFire   . . .        k - staff of earth
rCold   . . .        (no shield)
rNeg    + . .        a - +0 robe
rPois   ∞            (no helmet)
rElec   +            (no cloak)
rCorr   .            (no gloves)
SInv    .            (no boots)
Will    .....        (no amulet)
Stlth   ++           c - ring of wizardry
HPRegen 0.23/turn    (no ring)
MPRegen 0.10/turn

%: wizardry (x1)
@: studying Fighting
A: sickness immunity, AC +3, negative energy resistance 1, electricity
resistance, torment resistance 1, petrification resistance
a: no special abilities


You were on level 2 of the Dungeon.
You visited 1 branch of the dungeon, and saw 2 of its levels.

You collected 56 gold pieces.

Inventory:

Hand Weapons
 l - a +0 short sword
Armour
 a - a +0 robe (worn)
Magical Staves
 k - a staff of earth (weapon)
Jewellery
 c - a ring of wizardry (left hand)
Scrolls
 d - a scroll of noise {unknown}
 e - a scroll of identify {unknown}
 f - a scroll of blinking {unknown}
 h - a scroll of poison {unknown}
Potions
 b - a potion of magic
 g - a potion of heal wounds {unknown}
 i - a potion of mutation {unknown}
 j - a potion of haste {unknown}
 m - a potion of curing {unknown}


   Skills:
 + Level 1.5 Fighting
 + Level 0.9 Armour
 + Level 2.0 Dodging
 + Level 2.6 Stealth
 + Level 2.2 Spellcasting
 + Level 1.1 Transmutations
 + Level 3.9 Earth Magic


You couldn't memorise any spells.
You knew the following spells:

 Your Spells              Type           Power      Damage    Failure   Level
a - Sandblast             Erth           46%        2d11      1%          1
b - Passwall              Tmut/Erth      12%        N/A       4%          2
c - Stone Arrow           Conj/Erth      26%        3d8       11%         3

Your spell library contained the following spells:

 Spells                   Type           Power      Damage    Failure   Level
 Petrify                  Tmut/Erth      15%        N/A       26%         4
 Blade Hands              Tmut           2%         N/A       75%         5
 Irradiate                Conj/Tmut      1%         3d12      82%         5
 Dragon Form              Tmut           2%         N/A       100%        7


Dungeon Overview and Level Annotations

Branches:
Dungeon (2/15)

Altars:

Annotations:
D:2 Terence


Innate Abilities, Weirdness & Mutations

You are immune to sickness and miasma.
Your stone body is resilient. (AC +3)
You are immune to poison.
You resist negative energy. (rN+)
You are resistant to electric shocks. (rElec)
You are resistant to unholy torment.
You are immune to petrification.


Message History

Aim: an adder (72% to hit)
You feel a surge of power!
The blast of sand hits the adder.
The adder is heavily wounded.
Casting: Sandblast (safe; 1% risk of failure)
Confirm with . or Enter, or press ? or * to list all spells.
Aiming: Sandblast (safe; 1% risk of failure)
Press: ? - help, Shift-Dir - straight line, f/p - adder
Aim: an adder (heavily wounded, 72% to hit)
You feel a surge of power!
The blast of sand hits the adder!!
You kill the adder!
Your Dodging skill increases to level 2!
You see here 7 stones.
The gnoll shouts! x2
The gnoll hits you but does no damage.
You hit the gnoll.
The gnoll is lightly wounded.
The gnoll hits you with a +0 halberd! The gnoll barely misses you.
Casting: Sandblast (safe; 1% risk of failure)
Confirm with . or Enter, or press ? or * to list all spells.
Aiming: Sandblast (safe; 1% risk of failure)
Press: ? - help, Shift-Dir - straight line, f - gnoll
Aim: a gnoll, wielding a +0 halberd (lightly wounded, 85% to hit)
You feel a surge of power!
The blast of sand hits the gnoll.
The gnoll is moderately wounded.
The gnoll hits you from afar with a +0 halberd!
Ouch! That really hurt!
* * * LOW HITPOINT WARNING * * *
The gnoll barely misses you.
Unknown command.
Casting: Sandblast (safe; 1% risk of failure)
Confirm with . or Enter, or press ? or * to list all spells.
Aiming: Sandblast (safe; 1% risk of failure)
Press: ? - help, Shift-Dir - straight line, f/p - gnoll
Aim: a gnoll, wielding a +0 halberd (moderately wounded, 85% to hit)
You feel a surge of power!
The blast of sand hits the gnoll!
You kill the gnoll!
The gnoll barely misses you.
The gnoll hits you from afar with a +0 halberd!
Ouch! That really hurt!
You die...

#.#..####
#....##.. #.#.#
#.# #.#.# #.#
#g#.# #.# #.#.#
#.# #g#g# #.#
..
#†#)###.###....
#.#.@g.........
#.#####g#######
#.####(..#
#........#
#..........#
##########.# .#
#


You could see 3 gnolls.

Vanquished Creatures
  A gnoll (D:2)
  An adder (D:2)
  2 dart slugs (D:1)
  5 endoplasms
  6 giant cockroaches (D:1)
  3 hobgoblins (D:1)
  3 quokkas (D:1)
  3 ball pythons (D:1)
  3 bats
  A kobold (D:1)
  3 rats (D:1)
31 creatures vanquished.

Notes
Turn   | Place    | Note
-------+----------+-------------------------------------------
     0 | D:1      | Groucho the Gargoyle Earth Elementalist began the quest for
                  | the Orb.
     0 | D:1      | Reached XP level 1. HP: 10/10 MP: 3/3
   421 | D:1      | Reached XP level 2. HP: 16/16 MP: 1/5
   484 | D:1      | Reached skill level 1 in Transmutations
   529 | D:1      | Learned a level 2 spell: Passwall
  1113 | D:1      | Reached XP level 3. HP: 20/20 MP: 0/6
  1355 | D:1      | Reached skill level 1 in Fighting
  1369 | D:1      | Learned a level 3 spell: Stone Arrow
  1551 | D:2      | Noticed Terence
  1573 | D:2      | Mangled by a gnoll

Illustrated notes

Levels and vault maps discovered:
D:1:      minmay_arrival_stone_box, layout_rooms
D:2:      cheibrodos_old_hovel, layout_loops_ring, uniq_terence, uniq_robin,
          uniq_crazy_yiuf_cottage

Skill      XL: |  1  2  3 |
---------------+----------+-----
Transmutations | 1 |  1.1
Fighting       | 1 |  1.5
Dodging        | 2 |  2.0
Armour         | |  0.9
Stealth        | |  2.6
Spellcasting   | |  2.2
Earth Magic    | |  3.9

Action                     || total
---------------------------++-------
  Melee: Unarmed           ||    22
         Staff             ||     1
   Cast: Sandblast         ||    48
 Armour: Robe              ||    12
  Dodge: Dodged            ||    30
